General information
			
			
        
        - name: BNet
 
        - type: Ladder team game (AT/RT)
 
        - host: Battle.net
 
        - saver: TALONSAREIMBA
 
        
map: GoldRush 
        - players: 8
 
        - length: 14:31
 
        - speed: Fast
 - version: 1.22 W3XP
 - replay type:  Public
 
» download(143 KB)
Players
        team 1 (loser) 
              
              
5o1.RAZORBACKS (
blue | 50 APM | 702 actions | 13:57)
              
 1 Priestess of the Moon 
 1 Searing Arrows
 1 Keeper of the Grove 
 1 Entangling Roots
 
                » actions 
                
                | Assign group hotkey | 2 |  | 
| Basic commands | 37 |  | 
| Build / train | 38 |  | 
| Enter build submenu | 19 |  | 
| Enter hero's abilities submenu | 2 |  | 
| Remove unit from queue | 3 |  | 
| Right click | 370 |  | 
| Select / deselect | 168 |  | 
| Select group hotkey | 13 |  | 
| Use ability | 50 |  | 
                702 total
 » units 
                » upgrades
                » buildings
                
                | Altar of Elders | 1 |  | 
| Moon Well | 7 |  | 
| Hunter's Hall | 1 |  | 
| Ancient of War | 3 |  | 
| Ancient Protector | 2 |  | 
| Tree of Ages | 3 |  | 
| Ancient of Lore | 1 |  | 
| Tree of Life | 1 |  | 
                19 total
 » build order
                00:11 Altar of Elders
00:13 Moon Well
01:35 Hunter's Hall
01:51 Ancient of War
02:01 Ancient of War
02:06 Ancient of War
02:50 Moon Well
03:17 Moon Well
04:03 Ancient Protector
05:29 Tree of Ages
05:29 Tree of Ages
05:29 Tree of Ages
06:08 Moon Well
07:43 Moon Well
07:45 Moon Well
07:54 Ancient Protector
09:15 Moon Well
09:22 Ancient of Lore
13:28 Tree of Life
 
               
              
              
FlamingBalls (
yellow | 48 APM | 676 actions | 14:01)
              
 2 Far Seer 
 1 Feral Spirit
 1 Chain Lighting
 
                » actions 
                
                | Assign group hotkey | 10 |  | 
| Basic commands | 17 |  | 
| Build / train | 38 |  | 
| Enter build submenu | 19 |  | 
| Enter hero's abilities submenu | 2 |  | 
| Give item / drop item | 1 |  | 
| Right click | 350 |  | 
| Select / deselect | 167 |  | 
| Select group hotkey | 31 |  | 
| Use ability | 41 |  | 
                676 total
 » units 
                
                | Peon | 10 |  | 
| Grunt | 9 |  | 
| Troll Witch Doctor | 3 |  | 
| Troll Batrider | 3 |  | 
| Tauren | 2 |  | 
                27 total
 » upgrades
                
                | Pillage | 1 |  | 
| Witch Doctor Training | 2 |  | 
                3 total
 » buildings
                
                | Altar of Storms | 1 |  | 
| Orc Burrow | 5 |  | 
| Barracks | 1 |  | 
| Voodoo Lounge | 1 |  | 
| Stronghold | 1 |  | 
| Great Hall | 2 |  | 
| Fortress | 1 |  | 
| War Mill | 1 |  | 
| Spirit Lodge | 1 |  | 
| Tauren Totem | 3 |  | 
| Beastiary | 1 |  | 
                18 total
 » build order
                00:13 Altar of Storms
00:16 Orc Burrow
00:37 Barracks
01:31 Orc Burrow
02:00 Voodoo Lounge
03:18 Stronghold
04:07 Orc Burrow
05:11 Great Hall
05:22 Great Hall
05:53 Fortress
05:56 War Mill
07:15 Spirit Lodge
08:32 Tauren Totem
08:33 Tauren Totem
08:57 Orc Burrow
09:47 Tauren Totem
10:29 Orc Burrow
11:24 Beastiary
» items
                
                | Healing Salve | 1 |  | 
| Lesser Clarity Potion | 1 |  | 
                2 total
  
               
              
              
GuyChan (
teal | 222 APM | 3217 actions | 14:30)
              
 3 Death Knight 
 2 Death Coil
 1 Unholy Aura
 1 Pandaren Brewmaster 
 1 Drunken Haze
 
                » actions 
                
                | Assign group hotkey | 27 |  | 
| Basic commands | 133 |  | 
| Build / train | 42 |  | 
| Enter build submenu | 16 |  | 
| Enter hero's abilities submenu | 4 |  | 
| Right click | 496 |  | 
| Select / deselect | 196 |  | 
| Select group hotkey | 2258 |  | 
| Use ability | 45 |  | 
                3217 total
 » units 
                
                | Acolyte | 6 |  | 
| Ghoul | 3 |  | 
| Crypt Fiend | 9 |  | 
                18 total
 » upgrades
                
                | Burrow | 1 |  | 
| Creature Attack | 2 |  | 
| Creature Carapace | 2 |  | 
| Web | 1 |  | 
                6 total
 » buildings
                
                | Graveyard | 1 |  | 
| Crypt | 1 |  | 
| Altar of Darkness | 1 |  | 
| Ziggurat | 7 |  | 
| Tomb of Relics | 1 |  | 
| Nerubian Tower | 1 |  | 
| Halls of the Dead | 1 |  | 
| Black Citadel | 1 |  | 
| Sacrificial Pit | 1 |  | 
| Spirit Tower | 4 |  | 
| Necropolis | 1 |  | 
                20 total
 » build order
                00:06 Graveyard
00:08 Crypt
00:41 Altar of Darkness
00:58 Ziggurat
01:26 Tomb of Relics
02:00 Ziggurat
03:06 Nerubian Tower
03:51 Halls of the Dead
04:13 Ziggurat
06:16 Black Citadel
07:05 Ziggurat
07:06 Sacrificial Pit
09:36 Ziggurat
10:19 Ziggurat
11:28 Spirit Tower
11:30 Spirit Tower
11:31 Ziggurat
12:08 Necropolis
13:40 Spirit Tower
13:42 Spirit Tower
» items
                
                | Rod of Necromancy | 1 |  | 
| Dust of Appearance | 1 |  | 
| Scroll of Town Portal | 1 |  | 
                3 total
  
               
              
              
troyville (
orange | 122 APM | 1726 actions | 14:09)
              
 5 Tauren Chieftain 
 3 Endurance Aura
 2 War Stomp
 
                » actions 
                
                | Assign group hotkey | 143 |  | 
| Basic commands | 9 |  | 
| Build / train | 63 |  | 
| Enter build submenu | 12 |  | 
| Enter hero's abilities submenu | 5 |  | 
| Give item / drop item | 4 |  | 
| Remove unit from queue | 2 |  | 
| Right click | 904 |  | 
| Select / deselect | 129 |  | 
| Select group hotkey | 411 |  | 
| Use ability | 44 |  | 
                1726 total
 » units 
                
                | Peon | 9 |  | 
| Troll Headhunter/Berserker | 20 |  | 
| Demolisher | 3 |  | 
                32 total
 » upgrades
                
                | Ranged Weapons | 3 |  | 
| Armor | 3 |  | 
| Troll Regeneration | 1 |  | 
| Berserker Upgrade | 1 |  | 
| Burning Oil | 1 |  | 
                9 total
 » buildings
                
                | Altar of Storms | 1 |  | 
| Orc Burrow | 6 |  | 
| War Mill | 1 |  | 
| Barracks | 2 |  | 
| Voodoo Lounge | 1 |  | 
| Stronghold | 4 |  | 
| Fortress | 1 |  | 
                16 total
 » build order
                00:06 Altar of Storms
00:17 Orc Burrow
00:40 War Mill
01:26 Barracks
01:42 Barracks
02:05 Orc Burrow
02:22 Orc Burrow
04:04 Voodoo Lounge
04:28 Orc Burrow
05:04 Stronghold
05:04 Stronghold
07:12 Orc Burrow
08:17 Fortress
10:17 Orc Burrow
» items
                
                | Dust of Appearance | 1 |  | 
| Healing Salve | 3 |  | 
| Scroll of Speed | 1 |  | 
                5 total
  
               team 2 (winner) 
              
              
CORRUPTEDEVIL (
purple | 99 APM | 1444 actions | 14:30)
              
 3 Pandaren Brewmaster 
 2 Breath of Fire
 1 Drunken Haze
 
                » actions 
                
                | Assign group hotkey | 43 |  | 
| Build / train | 53 |  | 
| ESC pressed | 1 |  | 
| Enter build submenu | 14 |  | 
| Enter hero's abilities submenu | 3 |  | 
| Remove unit from queue | 1 |  | 
| Right click | 500 |  | 
| Select / deselect | 196 |  | 
| Select group hotkey | 577 |  | 
| Use ability | 56 |  | 
                1444 total
 » units 
                » upgrades
                
                | Moon Armor | 1 |  | 
| Strength of the Moon | 1 |  | 
| Ultravision | 1 |  | 
                3 total
 » buildings
                
                | Altar of Elders | 1 |  | 
| Moon Well | 4 |  | 
| Hunter's Hall | 1 |  | 
| Ancient of War | 2 |  | 
| Tree of Life | 4 |  | 
                12 total
 » build order
                00:09 Altar of Elders
00:20 Moon Well
01:33 Hunter's Hall
01:44 Ancient of War
02:17 Ancient of War
02:34 Moon Well
03:12 Moon Well
03:39 Tree of Life
04:36 Tree of Life
05:26 Moon Well
06:00 Tree of Life
08:53 Tree of Life
» items
                
                | Orb of Corruption | 1 |  | 
| Potion of Healing | 1 |  | 
                2 total
  
               
              
              
Rush[yyz] (
pink | 92 APM | 1342 actions | 14:30)
              
 5 Warden 
 1 Shadow Strike
 2 Blink
 2 Fan of Knives
 2 Pit Lord 
 1 Rain of Fire
 1 Cleaving Attack
 2 Pandaren Brewmaster 
 1 Breath of Fire
 1 Drunken Brawler
 
                » actions 
                
                | Assign group hotkey | 27 |  | 
| Basic commands | 73 |  | 
| Build / train | 59 |  | 
| Enter build submenu | 15 |  | 
| Enter hero's abilities submenu | 8 |  | 
| Remove unit from queue | 1 |  | 
| Right click | 697 |  | 
| Select / deselect | 158 |  | 
| Select group hotkey | 260 |  | 
| Use ability | 44 |  | 
                1342 total
 » units 
                » upgrades
                
                | Strength of the Wild | 1 |  | 
| Corrosive Breath | 1 |  | 
                2 total
 » buildings
                
                | Altar of Elders | 1 |  | 
| Moon Well | 6 |  | 
| Hunter's Hall | 1 |  | 
| Ancient of War | 1 |  | 
| Tree of Life | 1 |  | 
| Ancient of Wonders | 1 |  | 
| Tree of Ages | 2 |  | 
| Ancient of Wind | 1 |  | 
| Tree of Eternity | 2 |  | 
| Chimaera Roost | 3 |  | 
                19 total
 » build order
                00:10 Altar of Elders
00:19 Moon Well
01:48 Hunter's Hall
01:52 Ancient of War
02:01 Moon Well
03:46 Moon Well
04:00 Tree of Life
04:16 Ancient of Wonders
04:41 Tree of Ages
07:22 Ancient of Wind
08:00 Tree of Eternity
08:00 Tree of Eternity
08:03 Moon Well
08:05 Moon Well
09:54 Moon Well
10:23 Chimaera Roost
10:24 Chimaera Roost
10:25 Chimaera Roost
» items
                
                | Scroll of Town Portal | 1 |  | 
| Orb of Venom | 1 |  | 
| Tome of Retraining | 1 |  | 
                3 total
  
               
              
              
TALONSAREIMBA (
green | 109 APM | 1577 actions | 14:31)
              
 4 Death Knight 
 2 Death Coil
 2 Unholy Aura
 2 Lich 
 1 Frost Nova
 1 Dark Ritual
 1 Dreadlord 
 1 Sleep
 
                » actions 
                
                | Assign group hotkey | 19 |  | 
| Basic commands | 92 |  | 
| Build / train | 40 |  | 
| ESC pressed | 3 |  | 
| Enter build submenu | 16 |  | 
| Enter hero's abilities submenu | 7 |  | 
| Right click | 754 |  | 
| Select / deselect | 244 |  | 
| Select group hotkey | 330 |  | 
| Use ability | 72 |  | 
                1577 total
 » units 
                
                | Acolyte | 2 |  | 
| Ghoul | 3 |  | 
| Crypt Fiend | 5 |  | 
| Frost Wyrm | 3 |  | 
                13 total
 » upgrades
                
                | Creature Attack | 3 |  | 
| Creature Carapace | 2 |  | 
| Web | 1 |  | 
                6 total
 » buildings
                
                | Crypt | 1 |  | 
| Graveyard | 1 |  | 
| Altar of Darkness | 1 |  | 
| Ziggurat | 7 |  | 
| Tomb of Relics | 1 |  | 
| Halls of the Dead | 1 |  | 
| Black Citadel | 1 |  | 
| Sacrificial Pit | 1 |  | 
| Boneyard | 3 |  | 
                17 total
 » build order
                00:07 Crypt
00:20 Graveyard
00:44 Altar of Darkness
00:58 Ziggurat
01:24 Tomb of Relics
02:02 Ziggurat
04:15 Halls of the Dead
04:43 Ziggurat
06:52 Black Citadel
07:24 Sacrificial Pit
08:56 Ziggurat
08:58 Ziggurat
08:59 Ziggurat
09:18 Boneyard
09:48 Boneyard
09:54 Boneyard
14:24 Ziggurat
» items
                
                | Rod of Necromancy | 2 |  | 
| Scroll of Town Portal | 2 |  | 
| Potion of Mana | 3 |  | 
| Orb of Corruption | 1 |  | 
| Scroll of Healing | 1 |  | 
                9 total
  
               
              
              
» 
timg4strOK (
red | 86 APM | 1255 actions | 14:30)
              
 3 Blademaster 
 2 Wind Walk
 1 Critical Strike
 
                » actions 
                
                | Assign group hotkey | 5 |  | 
| Basic commands | 13 |  | 
| Build / train | 39 |  | 
| ESC pressed | 6 |  | 
| Enter build submenu | 30 |  | 
| Enter hero's abilities submenu | 3 |  | 
| Right click | 722 |  | 
| Select / deselect | 124 |  | 
| Select group hotkey | 252 |  | 
| Use ability | 61 |  | 
                1255 total
 » units 
                » upgrades
                
                | Liquid Fire | 1 |  | 
| Reinforced Defenses | 1 |  | 
| Envenomed Spears | 1 |  | 
| Ranged Weapons | 1 |  | 
| Armor | 1 |  | 
                5 total
 » buildings
                
                | Altar of Storms | 1 |  | 
| Orc Burrow | 4 |  | 
| War Mill | 1 |  | 
| Voodoo Lounge | 1 |  | 
| Watch Tower | 18 |  | 
| Stronghold | 1 |  | 
| Great Hall | 2 |  | 
| Beastiary | 2 |  | 
| Fortress | 1 |  | 
                31 total
 » build order
                00:02 Altar of Storms
00:17 Orc Burrow
00:40 War Mill
01:26 Voodoo Lounge
01:40 Orc Burrow
02:11 Watch Tower
02:50 Watch Tower
03:45 Stronghold
04:03 Orc Burrow
04:07 Watch Tower
04:08 Watch Tower
04:42 Watch Tower
05:38 Great Hall
05:47 Watch Tower
05:48 Watch Tower
05:49 Watch Tower
05:49 Watch Tower
06:44 Beastiary
06:49 Beastiary
07:10 Fortress
08:58 Watch Tower
10:33 Great Hall
10:36 Watch Tower
10:36 Watch Tower
10:37 Watch Tower
10:41 Watch Tower
12:06 Watch Tower
12:06 Watch Tower
12:07 Watch Tower
13:07 Orc Burrow
» items
                
                | Lesser Clarity Potion | 3 |  | 
| Healing Salve | 2 |  | 
| Orb of Lightning | 3 |  | 
| Scroll of Town Portal | 1 |  | 
                9 total
  
                Chat log
          (00:13 / All) CORRUPTEDEVIL: HI
(00:17 / All) 5o1.RAZORBACKS: hi fucker
(00:21 / All) CORRUPTEDEVIL: MANNER
(00:23 / All) CORRUPTEDEVIL: PLEASE
(00:24 / All) FlamingBalls: hi talons
(00:38 / All) CORRUPTEDEVIL: SO
(00:39 / All) 5o1.RAZORBACKS: hah when did you/talons start using manners?
(00:45 / All) timg4strOK: hush
(00:49 / All) CORRUPTEDEVIL: I HAVENT BEEN ON FOR A MONTH
(00:53 / All) CORRUPTEDEVIL: AND YOU TALK SHIT
(00:54 / All) CORRUPTEDEVIL: LOL
(00:58 / All) timg4strOK: listen if you arent good dont talk please i expect complete silence from you thanks
(01:04 / All) 5o1.RAZORBACKS: i didnt say anything..i said "hi fucker"
(01:15 / All) TALONSAREIMBA: hi its smerb on talons' account
(01:16 / All) troyville: CALM THE FUCK DOWN
(01:21 / All) CORRUPTEDEVIL: PLEASE REFRAIN FROM USING THAT TYPE OF LANGUAGE
(01:34 / All) troyville: i cant understand u with thta cock in ur mouth sir
(01:37 / All) FlamingBalls: smerb smerb
(02:46 / All) CORRUPTEDEVIL: IM THE BEST
(02:49 / All) CORRUPTEDEVIL: GOOD LOOKING
(02:52 / All) CORRUPTEDEVIL: GREAT PERSONALITY
(03:21 / Allies) TALONSAREIMBA: fuck
(03:21 / Allies) TALONSAREIMBA: u
(06:15 / Allies) timg4strOK: any wood
(13:34 / All) TALONSAREIMBA: wow
(14:27 / All) GuyChan: wow., this is why i didint join zt
(14:29 / All) TALONSAREIMBA: leave